 Dungeon Crawl Stone Soup version 0.21-a0-88-g13b9641 (webtiles) character file.

137 4thArraOfDagon the Slasher (level 5, 6/41 HPs)
             Began as a Formicid Warper on June 26, 2017.
             Was an Initiate of Ru.
             Quit the game on level 8 of the Dungeon.
             The game lasted 00:03:53 (631 turns).

4thArraOfDagon the Slasher (Formicid Warper)         Turns: 631, Time: 00:03:54

Health: 6/41       AC:  5    Str: 16    XL:     5   Next: 43%
Magic:  8/8        EV: 11    Int: 13    God:    Ru [......]
Gold:   42         SH:  0    Dex: 10    Spells: 8/8 levels left

rFire    . . .     SeeInvis +   a - +0 falchion
rCold    . . .     Gourm    .   (no shield)
rNeg     . . .     Faith    .   g - +0 ring mail
rPois    .         Spirit   .   (helmet unavailable)
rElec    .         Reflect  .   (no cloak)
rCorr    .         Harm     .   (no gloves)
MR       .....                  (no boots)
Stlth    ..........             (no amulet)
HPRegen  0.13/turn              (no ring)
MPRegen  0.11/turn              (no ring)

@: no status effects
A: permanent stasis, dig shafts and tunnels, four strong arms, antennae 3
a: Dig, Shaft Self, Renounce Religion


You were on level 8 of the Dungeon.
You worshipped Ru.
Ru was noncommittal.
You were not hungry.

You visited 2 branches of the dungeon, and saw 8 of its levels.

You collected 42 gold pieces.

Inventory:

Hand Weapons
 a - a +0 falchion (weapon)
Missiles
 e - 5 tomahawks of dispersal (quivered)
 n - 3 tomahawks
Armour
 b - a +0 leather armour
 g - a +0 ring mail (worn)
Wands
 i - a wand of lightning (0/15)
Scrolls
 d - 3 scrolls of blinking
Potions
 o - 2 potions of degeneration
Books
 c - a book of Spatial Translocations

   Spells                             Type                      Level
   a - Blink                          Translocation                2
   b - Shroud of Golubria             Charms/Translocation         2
   c - Lesser Beckoning               Translocation                3
   d - Gell's Gravitas                Translocation                3
   e - Teleport Other                 Translocation                3
   f - Passage of Golubria            Translocation                4
Comestibles
 f - a bread ration
 h - 2 meat rations
 j - a chunk of flesh


   Skills:
 + Level 3.1 Fighting
 * Level 3.8 Long Blades
 - Level 1.0 Throwing
 + Level 2.4 Armour
 + Level 2.4 Dodging
 - Level 2.1 Spellcasting
   Level 2.6 Translocations


You had 8 spell levels left.
You didn't know any spells.

Dungeon Overview and Level Annotations

Branches:
Dungeon (8/15)             Temple (1/1) D:5
   Lair: D:8-11

Altars:
Dithmenos
Elyvilon
Fedhas
Makhleb
Nemelex Xobeh
Ru
Sif Muna
Wu Jian
Xom

Annotations:
D:3 Ijyb
D:5 Sigmund
D:6 Prince Ribbit


Innate Abilities, Weirdness & Mutations

You cannot be hasted, slowed, berserked, paralysed or teleported.
You can dig through walls and to a lower floor.
Your four strong arms can wield two-handed weapons with a shield.
You have a pair of large antennae on your head. (SInv)


Message History

A hornet zombie comes into view.
Okay, then.
Okay, then.
Evoke which item? (* to show all) (? for menu, Esc to quit)
Aiming: Lightning Bolt
Press: ? - help, Shift-Dir - straight line You hear a mighty clap of thunder!
The bolt of lightning misses the hornet zombie. x2
This wand has 0 charges left.
The hornet zombie hits you!
* * * LOW HITPOINT WARNING * * *
The hornet zombie hits you.
* * * LOW HITPOINT WARNING * * *
Unknown command.
You hit the hornet zombie.
The hornet zombie is lightly damaged.
The hornet zombie closely misses you.
You riposte.
You closely miss the hornet zombie.
The hornet zombie is lightly damaged.
Unknown command.
Are you sure you want to abandon this character and quit the game? (Confirm with "yes".)

###########
#.....#...
#. ##.#.#
#. #....#
#. #..#<#
#. #..#.#
#Z##..#.#
#.@...(.#
#########


You could see a hornet zombie.

Vanquished Creatures
  A scorpion (D:6)
  A howler monkey (D:6)
  A worker ant (D:6)
  An ooze (D:3)
  An adder zombie (D:5)
  A dart slug (D:3)
  2 orcs (D:3)
  A giant cockroach (D:3)
  A goblin (D:2)
  A kobold (D:2)
  3 quokkas
  2 bats
  A frilled lizard (D:2)
  A rat (D:1)
18 creatures vanquished.

Notes
Turn   | Place    | Note
-------+----------+-------------------------------------------
     0 | D:1      | 4thArraOfDagon the Formicid Warper began the quest for the Orb.
     0 | D:1      | Reached XP level 1. HP: 16/16 MP: 3/3
    38 | D:1      | You fall through a shaft!
   105 | D:2      | You fall through a shaft!
   109 | D:3      | Reached XP level 2. HP: 18/22 MP: 5/5
   193 | D:3      | Reached XP level 3. HP: 12/28 MP: 6/6
   198 | D:3      | Noticed Ijyb
   204 | D:3      | You fall through a shaft for 2 floors!
   204 | D:5      | Entered Level 5 of the Dungeon
   213 | D:5      | Found a staircase to the Ecumenical Temple.
   222 | Temple   | Entered the Ecumenical Temple
   277 | Temple   | Became a worshipper of Ru the Awakened
   402 | D:6      | Noticed an ogre
   408 | D:6      | Reached XP level 4. HP: 34/34 MP: 7/7
   473 | D:5      | Noticed Sigmund
   507 | D:6      | Noticed Prince Ribbit
   537 | D:6      | Reached XP level 5. HP: 10/41 MP: 8/8
   631 | D:8      | Quit the game

Vault maps used:
D:1:      lightli_arrival_boilingwater
D:2:      zin_angel, chequers_temple_overflow_statue_of_worship,
          lemuel_round_altar, yredelemnul_altar_generic
D:3:      vehumet_crystals, first_bread, uniq_ijyb
D:5:      gammafunk_temple_overflow_arena, ashenzari_altar_1,
          minmay_temple_entry_mist, uniq_sigmund
D:6:      slow_altar_2, minivault_25, uniq_duvessa, uniq_prince_ribbit1
D:7:      lemuel_crystal_altar, lemuel_round_altar, kiku_gazebo_pond_becter
D:8:      lair_entry_dummy, serial_shops, shop
Temple:   compressed_dpeg_triangle_lava_temple

Skill      XL: |  1  2  3  4 |
---------------+-------------+-----
Dodging        | 2 |  2.4
Long Blades    | 3 |  3.8
Armour         | 2 |  2.4
Fighting       | 3 |  3.1
Throwing       | |  1.0
Spellcasting   | |  2.1
Translocations | |  2.6

Action                   |  1- 3 |  4- 6 || total
-------------------------+-------+-------++-------
Melee: Falchion          |    54 |    16 ||    70
 Abil: Shaft Self        |     3 |       ||     3
       Dig               |     1 |       ||     1
Evoke: Wand              |       |    11 ||    11
  Use: Potion            |     3 |     1 ||     4
       Scroll            |       |     5 ||     5
  Eat: Chunk             |       |     1 ||     1
Armor: Ring mail         |    26 |     4 ||    30
Dodge: Dodged            |    40 |    17 ||    57
       Rpst.: Falchion   |    16 |     5 ||    21
